Map: Oceanborn LE

Players

冠状沟之神

  • Race: Protoss Protoss
  • League: Master
  • Spawn Location: 5:00

cks - Winner!

  • Race: Terran Terran
  • League: Master
  • Spawn Location: 11:00

VOD

Have the link to the VOD?

Description

Time

  • Played on: Feb. 12, 2024, 11:41 a.m.
  • Length: 12:41
Show
View Real Time Build Order
Export as new Build Order

冠状沟之神 Protoss 

Build Orders: Blink Stalkers, Zealot Archon 

Get SALT Encoding   

  12  0:00  Probe  
  13  0:12  Probe  
  14  0:17  Pylon  
  14  0:25  Probe (Chrono Boost)  
  15  0:37  Probe (Chrono Boost)  
  15  0:39  Gateway  
  16  0:45  Probe (Chrono Boost)  
  16  0:47  Assimilator  
  17  0:51  Probe  
  18  1:03  Probe  
  19  1:20  Probe  
  20  1:32  Cybernetics Core  
  20  1:37  Pylon  
  20  1:51  Nexus  
  20  2:01  Probe (Chrono Boost)  
  21  2:02  Assimilator  
  21  2:06  Stalker (Chrono Boost)  
  20  2:09  Warp Gate  
  23  2:15  Probe (Chrono Boost)  
  23  2:21  Probe (Chrono Boost)  
  24  2:30  Probe  
  25  2:40  Twilight Council  
  25  2:42  Probe  
  26  2:51  Stalker  
  28  2:55  Probe (Chrono Boost)  
  29  3:04  Probe (Chrono Boost)  
  30  3:09  Blink (Chrono Boost)  
  30  3:12  Gateway, Probe (Chrono Boost)  
  32  3:13  Probe (Chrono Boost)  
  32  3:18  Probe (Chrono Boost)  
  33  3:27  Probe  
  33  3:32  Shield Battery  
  33  3:33  Probe  
  34  3:37  Robotics Facility  
  34  3:41  Probe  
  35  3:49  Probe  
  36  3:58  Pylon  
  36  3:59  Probe  
  38  4:02  Probe  
  38  4:06  Stalker x2  
  42  4:11  Probe  
  42  4:14  Probe  
  44  4:23  Probe  
  45  4:25  Nexus  
  45  4:28  Observer  
  46  4:31  Pylon  
  46  4:35  Stalker  
  46  4:37  Probe  
  49  4:40  Stalker  
  49  4:42  Probe  
  52  4:49  Probe  
  52  4:50  Assimilator  
  52  4:52  Assimilator  
  53  4:54  Observer, Probe  
  55  5:01  Probe  
  55  5:03  Pylon  
  55  5:04  Observer  
  55  5:06  Probe  
  57  5:13  Probe  
  58  5:18  Probe  
  58  5:19  Robotics Bay  
  58  5:21  Forge  
  59  5:25  Probe  
  60  5:30  Probe  
  60  5:32  Charge (Chrono Boost)  
  60  5:34  Gateway  
  61  5:35  Gateway  
  61  5:37  Probe  
  62  5:43  Probe  
  62  5:49  Probe  
  63  5:50  Protoss Ground Weapons Level 1 (Chrono Boost)  
  63  5:59  Gateway  
  63  6:01  Gateway  
  63  6:05  Probe x2, Colossus (Chrono Boost)  
  63  6:06  Probe  
  72  6:12  Gateway  
  72  6:15  Gateway  
  72  6:17  Probe  
  73  6:19  Probe x2  
  73  6:22  Pylon  
  75  6:27  Extended Thermal Lance  
  75  6:29  Probe  
  77  6:32  Probe  
  77  6:33  Probe  
  77  6:34  Templar Archives  
  78  6:41  Probe, Pylon  
  78  6:44  Zealot x3  
  85  6:48  Colossus (Chrono Boost)  
  91  6:56  Zealot  
  91  6:59  Pylon  
  93  7:13  Pylon  
  93  7:14  Zealot, High Templar x2  
  99  7:15  Zealot  
  99  7:17  Probe  
  99  7:20  Pylon  
  102  7:23  Shield Battery  
  102  7:24  Probe x2, Pylon  
  102  7:26  Pylon  
  102  7:27  Assimilator  
  105  7:30  Probe  
  105  7:31  Assimilator  
  105  7:35  Archon  
  105  7:36  High Templar  
  108  7:37  High Templar  
  108  7:39  Zealot x4  
  108  7:40  Warp Prism (Chrono Boost)  
  108  7:41  Archon  
  120  7:49  Protoss Ground Weapons Level 2 (Chrono Boost)  
  119  7:54  Probe  
  120  8:01  Zealot x5  
  120  8:03  Zealot, Pylon  
  132  8:12  Pylon  
  132  8:17  Zealot, Pylon  
  132  8:18  Zealot  
  136  8:23  Nexus  
  136  8:35  High Templar x3  
  136  8:36  High Templar  
  136  8:37  Zealot x3  
  136  8:39  Archon  
  136  8:40  Archon  
  150  8:46  Probe  
  139  9:02  Zealot x4  
  97  9:11  Zealot x4  
  95  9:21  Probe  
  86  9:29  Zealot x4  
  90  9:33  Zealot x4  
  90  9:35  Probe x2  
  100  9:47  Probe  
  100  9:51  Robotics Facility  
  101  9:54  Gateway  
  101  9:55  Immortal  
  101  9:56  Gateway, Probe  
  101  9:58  Gateway, Probe x2  
  101  9:59  Gateway  
  104  10:00  Assimilator  
  104  10:01  High Templar x8  
  104  10:02  Assimilator  
  124  10:07  Archon x2  
  124  10:08  Archon x2  
  124  10:09  Protoss Ground Weapons Level 3 (Chrono Boost)  
  124  10:11  Probe  
  124  10:13  Forge  
  125  10:15  Probe  
  125  10:16  Probe x2  
  128  10:23  Probe  
  128  10:28  Probe x2  
  130  10:32  Disruptor  
  130  10:35  Zealot x8  
  151  10:36  Probe  
  151  10:38  Probe  
  151  10:40  Probe  
  154  10:43  Shield Battery  
  154  10:46  Disruptor, Protoss Ground Armor Level 1 (Chrono Boost)  
  154  10:47  Pylon  
  158  10:50  Sentry  
  158  10:57  High Templar x2  
  158  10:58  Zealot x3  
  158  11:01  Zealot x2  
  172  11:04  Archon  
  172  11:09  Zealot x3  
  172  11:10  Zealot  
  180  11:13  Pylon  
  180  11:15  Probe  
  179  11:32  Disruptor x2  
  179  11:35  Zealot x4  
  179  11:39  Probe  
  196  11:45  Nexus  
  140  12:07  Disruptor x2 (Chrono Boost)  
  140  12:08  Zealot x12  
  128  12:31  Zealot x9  
  128  12:32  Zealot  
  115  12:38  Zealot x12  
Show
View Real Time Build Order
Export as new Build Order

cks Terran - Winner!

Build Orders: Reaper Expand 

Get SALT Encoding   

  12  0:00  SCV  
  13  0:12  SCV  
  14  0:17  Supply Depot  
  14  0:24  SCV  
  15  0:38  SCV  
  15  0:40  Barracks  
  16  0:43  Refinery  
  16  0:50  SCV  
  17  1:02  SCV  
  18  1:15  SCV, Engineering Bay  
  19  1:29  Orbital Command  
  19  1:30  Reaper  
  20  1:53  Command Center  
  20  1:57  SCV  
  21  2:02  Marine  
  22  2:09  Supply Depot  
  22  2:15  Bunker  
  22  2:19  Marine  
  23  2:25  Factory  
  23  2:31  SCV  
  24  2:38  Marine  
  24  2:43  SCV  
  26  2:47  Refinery  
  26  2:55  SCV  
  26  2:58  Marine  
  29  3:07  SCV  
  29  3:09  Cyclone  
  32  3:14  Orbital Command  
  31  3:26  Starport  
  30  3:27  SCV  
  30  3:30  Marine  
  32  3:38  Supply Depot  
  32  3:39  SCV  
  33  3:42  Factory Tech Lab  
  33  3:47  SCV  
  34  3:53  Command Center  
  34  3:54  SCV  
  34  3:55  Marine  
  36  4:03  Siege Tank  
  36  4:04  Starport Tech Lab  
  39  4:11  Bunker  
  39  4:14  SCV x2  
  42  4:18  Refinery  
  42  4:23  Barracks Reactor  
  43  4:25  Interference Matrix  
  43  4:26  SCV x2  
  45  4:38  SCV  
  47  4:39  SCV  
  47  4:46  Siege Tank  
  47  4:51  Barracks  
  47  4:52  SCV x2  
  52  4:54  Barracks  
  52  4:56  Raven  
  52  5:01  Marine x2  
  52  5:04  SCV x2  
  52  5:05  Orbital Command  
  56  5:16  SCV  
  56  5:17  SCV, Supply Depot  
  56  5:18  Siege Tank  
  61  5:25  Supply Depot  
  61  5:28  SCV  
  61  5:29  SCV  
  61  5:30  SCV  
  64  5:39  Supply Depot  
  64  5:44  Barracks Reactor, Stimpack, SCV  
  64  5:45  Medivac x2  
  64  5:46  SCV x2  
  71  5:50  Refinery  
  71  5:56  Barracks Tech Lab, SCV  
  72  5:58  Supply Depot  
  72  6:00  Engineering Bay  
  72  6:01  SCV, Engineering Bay  
  72  6:09  SCV  
  74  6:13  SCV  
  74  6:14  Marine  
  74  6:15  Combat Shield, Marauder  
  77  6:19  Barracks  
  77  6:22  Barracks  
  77  6:23  Marine  
  77  6:24  SCV x2  
  77  6:25  SCV  
  81  6:31  Terran Infantry Weapons Level 1, Terran Infantry Armor Level 1  
  81  6:32  Marine  
  84  6:33  Marauder  
  84  6:38  SCV x2  
  86  6:41  SCV  
  86  6:45  Marine  
  86  6:46  Marauder  
  90  6:50  Marine, SCV x2  
  90  6:53  Marine  
  94  6:57  Siege Tank  
  94  6:58  Orbital Command  
  97  7:03  Marine  
  97  7:07  Barracks, Marauder  
  97  7:08  Marine  
  100  7:14  Marine  
  101  7:21  Supply Depot  
  101  7:23  Marine  
  101  7:24  Marauder, SCV x3  
  101  7:25  Marine  
  109  7:34  Supply Depot  
  109  7:35  Supply Depot  
  109  7:37  Supply Depot x2  
  109  7:40  Barracks Reactor, SCV  
  109  7:41  Barracks Tech Lab  
  109  7:42  Supply Depot  
  109  7:43  Marine, SCV x2  
  112  7:44  Supply Depot  
  112  7:46  Barracks, Refinery  
  112  7:47  Refinery  
  112  7:51  Marine x2  
  112  7:52  Armory, SCV  
  112  7:55  Medivac, SCV  
  112  7:56  Medivac  
  112  7:58  SCV  
  121  8:03  Siege Tank, Concussive Shells  
  124  8:06  Marine  
  124  8:07  SCV  
  128  8:13  Barracks Tech Lab, Supply Depot  
  128  8:14  Marine x2  
  128  8:15  Marauder x2  
  128  8:16  Marine  
  135  8:25  Command Center  
  135  8:26  SCV x2  
  135  8:27  SCV  
  135  8:31  Marine x2  
  135  8:32  Marine, Marauder  
  141  8:35  Marine x2  
  141  8:36  Marauder  
  141  8:41  Marine  
  145  8:42  Marauder  
  148  8:49  Marine x2  
  148  8:51  SCV, Engineering Bay  
  148  8:53  Marauder  
  147  8:57  Marauder  
  147  9:01  Marine x2  
  147  9:02  Marauder, Marine  
  135  9:03  Marauder  
  135  9:07  Marine x2  
  127  9:14  Marauder  
  123  9:18  Marauder  
  123  9:19  Marine x3  
  123  9:23  Marauder  
  121  9:24  Marine, Marauder  
  121  9:25  Marine  
  117  9:35  Marine, Starport  
  117  9:36  Terran Infantry Weapons Level 2, Terran Infantry Armor Level 2  
  117  9:37  Marine x2, SCV x2  
  123  9:40  Marauder  
  123  9:42  Marine x2  
  123  9:44  Marine  
  128  9:46  Marauder  
  128  9:47  Barracks Reactor  
  128  9:48  Missile Turret  
  128  9:50  SCV x2  
  128  9:52  SCV x2  
  133  9:53  Sensor Tower, Marine  
  134  10:00  Terran Ship Weapons Level 1  
  134  10:02  Viking x2, SCV x2  
  134  10:04  SCV  
  142  10:09  Marine  
  142  10:10  Marauder  
  142  10:11  Bunker, Marine  
  142  10:12  Marine  
  146  10:15  Marine x2  
  146  10:16  Starport Reactor  
  146  10:17  Supply Depot, Marine  
  150  10:22  Ghost Academy  
  150  10:23  Marine  
  150  10:24  SCV x2  
  150  10:25  SCV  
  153  10:29  Marine x2  
  153  10:30  Marine  
  153  10:31  Marauder, Marine  
  161  10:39  Marine x2  
  161  10:40  Marine, Supply Depot, Marauder  
  164  10:46  Planetary Fortress  
  164  10:47  Marine x3  
  164  10:49  Marine  
  169  10:53  Marauder  
  169  10:54  Supply Depot  
  169  10:55  Viking  
  172  10:57  Viking x2  
  172  11:01  Viking  
  178  11:09  Marauder, Marine x3  
  183  11:14  Sensor Tower  
  183  11:17  Marine  
  183  11:18  Marauder  
  186  11:21  Marine  
  186  11:22  Marauder  
  186  11:25  Ghost  
  189  11:27  Barracks  
  189  11:30  Viking, Ghost  
  195  11:34  Marine  
  195  11:36  Marine x2  
  195  11:39  Marauder, Marine  
  200  11:45  Liberator, Marine  
  200  11:50  Marauder, Marine  
  200  11:52  Marine  
  200  11:54  Marine x2  
  183  11:58  Marine  
  183  11:59  Marauder  
  183  12:01  Marauder  
  183  12:03  Marine  
  183  12:07  SCV  
  183  12:08  Marine  
  177  12:09  Marine, Supply Depot  
  177  12:12  Marine x2  
  183  12:18  Marine  
  183  12:21  Marine  
  189  12:24  Command Center  
Tags
 
Add a new tag
Caveats
  • Supply blocks, unpowered buildings, or Contaminate may cause inaccurate times.
  • Supply counts are checked every 10 seconds.